Map: Romanticide LE

Players

miclo

  • Race: Protoss Protoss
  • League: Platinum
  • Spawn Location: 5:00

ViBE - Winner!

  • Race: Protoss Protoss
  • League: Platinum
  • Spawn Location: 11:00

VOD

Have the link to the VOD?

Description

Time

  • Played on: March 31, 2021, 8:35 p.m.
  • Length: 1:42
Show
View Real Time Build Order
Export as new Build Order

miclo Protoss 

Build Orders: Cannon Rush 

Get SALT Encoding   

  13  0:11  Pylon  
  12  0:26  Probe  
  13  0:32  Forge  
  13  0:38  Probe  
  14  0:59  Pylon  
  14  1:04  Assimilator  
  14  1:17  Photon Cannon  
  14  1:18  Photon Cannon  
  14  1:30  Photon Cannon  
Show
View Real Time Build Order
Export as new Build Order

ViBE Protoss - Winner!

Build Orders:  

Get SALT Encoding   

  12  0:00  Probe  
  13  0:12  Probe  
  14  0:19  Pylon  
  14  0:24  Probe  
  15  0:37  Probe (Chrono Boost)  
  15  0:40  Gateway  
  16  0:46  Assimilator  
  16  0:49  Probe (Chrono Boost)  
  17  0:54  Probe (Chrono Boost)  
  18  1:03  Probe  
  19  1:15  Probe  
  20  1:28  Cybernetics Core  
Tags
 
Matchup
PvP
Player
ViBE
Replay Pack
Platinum_League
Spawn Locations
Cross Positions
Add a new tag
Caveats
  • Supply blocks, unpowered buildings, or Contaminate may cause inaccurate times.
  • Supply counts are checked every 10 seconds.